cohdb
Replays
Latest Replays
All Replays
Popular Replays
Top Player Replays
Match Explorer
How It Works
Community
CoH3 Stats
Reddit
Sign in to upload your games and track your stats! →
Sign in with Steam
Match 42827939
Unlisted
Match 42827939
Overview
Messages
Build Orders
End
Construct Infanterie Kompanie
Selects Italian Coastal Battlegroup
Selects Coastal Reserves
Coastal Reserve
MG 42 Machine Gun Team
MG 42 Machine Gun Team
Coastal Reserve
Construct Luftwaffe Kompanie
MG 42 Bunker
MG 42 Bunker
Selects Support Bunkers
Selects Rapid Fortifications
221 Scout Car
Medical Station
Pioneer Squad
Jäger Squad
Construct Panzer Kompanie
Stoßtruppen Squad
Selects Bulwark
Selects Artillery Officer
MG 42 Bunker
Selects Coastal Wall
Sturmpanzer IV Brummbär
Pioneer Squad
Artillery Officer
MG 42 Bunker
Panzer IV Medium Tank
Panzer IV Medium Tank
Pioneer Squad
Pioneer Squad
Pioneer Squad
ConcernedApe
CHINESE DO NOT SPEAK ENGLISH
MrKaos
pensss
0
0
Comments
sign in to comment!
No comments posted yet!